details: 'murgoal stab w zack'

« prev index next »

General information

Mini Map

Players

team 1
Random» HumanFelix_Legions (teal | 52 APM | 1761 actions | 33:59)
Hero icon 6 Mountain King
Ability icon 3 Storm Bolt
Ability icon 2 Bash
Ability icon 1 Avatar
Hero icon 1 Keeper of the Grove
Ability icon 1 Force of Nature
Hero icon 4 Paladin
Ability icon 1 Holy Light
Ability icon 2 Divine Shield
Ability icon 1 Devotion Aura

» actions
Assign group hotkey8
Basic commands4
Build / train88
Enter build submenu37
Enter hero's abilities submenu11
Give item / drop item1
Remove unit from queue1
Right click910
Select / deselect508
Select group hotkey99
Use ability94
1761 total
» units
Peasant15
Footman8
Wisp1
Archer8
Glaive Thrower3
Knight3
Priest5
Siege Engine5
48 total
» upgrades
Defend1
Reinforced Hides1
Strength of the Wild1
Plating2
Swords1
Lumber Harvesting1
Masonry3
Barrage1
Priest Training2
Gunpowder1
14 total
» buildings
Altar of Kings2
Farm11
Scout Tower7
Arcane Tower1
Barracks2
Moon Well3
Ancient of War1
Tree of Ages1
Hunter's Hall1
Keep1
Lumber Mill1
Blacksmith1
Castle1
Altar of Elders1
Arcane Sanctum1
Workshop1
Arcane Vault1
Guard Tower2
39 total
» build order
00:12 Altar of Kings
00:13 Altar of Kings
00:15 Farm
00:34 Scout Tower
00:49 Farm
01:06 Arcane Tower
01:44 Barracks
01:59 Moon Well
02:03 Ancient of War
02:12 Barracks
02:17 Farm
02:28 Farm
02:32 Farm
03:36 Tree of Ages
03:44 Hunter's Hall
04:25 Moon Well
05:01 Keep
05:06 Lumber Mill
05:09 Blacksmith
05:37 Moon Well
05:50 Farm
08:16 Castle
09:14 Altar of Elders
09:45 Arcane Sanctum
09:46 Workshop
09:51 Farm
09:54 Farm
13:40 Arcane Vault
13:42 Farm
13:43 Farm
13:47 Farm
18:30 Scout Tower
18:33 Scout Tower
18:38 Scout Tower
19:16 Guard Tower
19:21 Scout Tower
19:24 Scout Tower
19:30 Scout Tower
20:36 Guard Tower
» items
Scroll of Town Portal4
Orb of Fire1
5 total
NightElf11Th (orange | 16 APM | 23 actions | 01:26)

» actions
Build / train8
Enter build submenu2
Right click3
Select / deselect8
Use ability2
23 total
» units
Wisp8
8 total
» buildings
Altar of Elders1
Moon Well1
2 total
» build order
00:38 Altar of Elders
00:43 Moon Well
Random» OrcKriechbaum (pink | 43 APM | 1412 actions | 32:31)
Hero icon 6 Tauren Chieftain
Ability icon 3 Endurance Aura
Ability icon 2 War Stomp
Ability icon 1 Shockwave
Hero icon 1 Keeper of the Grove
Ability icon 1 Entangling Roots

» actions
Assign group hotkey29
Basic commands42
Build / train64
ESC pressed3
Enter build submenu15
Enter hero's abilities submenu7
Give item / drop item4
Right click602
Select / deselect268
Select group hotkey286
Use ability92
1412 total
» units
Peon8
Troll Headhunter/Berserker8
Huntress6
Tauren5
Shaman5
Troll Witch Doctor2
34 total
» upgrades
Spiked Barricades1
Shaman Training2
Witch Doctor Training2
Armor1
Reinforced Defenses1
Pulverize1
8 total
» buildings
War Mill1
Orc Burrow6
Barracks1
Altar of Storms1
Watch Tower1
Stronghold1
Voodoo Lounge1
Ancient of War1
Fortress1
Spirit Lodge2
Ancient Protector2
Tauren Totem3
21 total
» build order
00:26 War Mill
00:41 Orc Burrow
00:59 Barracks
01:48 Altar of Storms
01:58 Orc Burrow
02:12 Watch Tower
03:25 Stronghold
03:58 Voodoo Lounge
04:49 Orc Burrow
05:22 Orc Burrow
05:57 Ancient of War
07:20 Fortress
08:56 Spirit Lodge
08:56 Spirit Lodge
10:01 Ancient Protector
10:02 Ancient Protector
10:56 Tauren Totem
10:58 Tauren Totem
10:59 Tauren Totem
11:01 Orc Burrow
11:02 Orc Burrow
» items
Healing Salve3
Lesser Clarity Potion2
Scroll of Speed1
Scroll of Town Portal3
Orb of Lightning1
Scroll of Protection1
11 total
HumanTeamKiller2.0 (green | 43 APM | 1496 actions | 35:02)
Hero icon 6 Archmage
Ability icon 3 Blizzard
Ability icon 2 Summon Water Elemental
Ability icon 1 Mass Teleport

» actions
Basic commands38
Build / train68
Enter build submenu44
Enter hero's abilities submenu7
Remove unit from queue1
Right click916
Select / deselect334
Use ability88
1496 total
» units
Peasant17
Mortar Team16
Sorceress4
37 total
» upgrades
Masonry2
Gunpowder1
Sorceress Training1
Fragmentation Shards1
5 total
» buildings
Altar of Kings1
Farm10
Lumber Mill1
Scout Tower21
Guard Tower10
Keep2
Blacksmith2
Workshop2
Arcane Sanctum2
Castle1
52 total
» build order
00:18 Altar of Kings
00:22 Farm
01:00 Farm
01:55 Lumber Mill
01:58 Farm
03:03 Scout Tower
03:04 Scout Tower
03:25 Farm
03:32 Scout Tower
03:33 Scout Tower
03:34 Guard Tower
04:02 Scout Tower
04:04 Scout Tower
04:06 Guard Tower
04:06 Guard Tower
04:31 Keep
04:31 Keep
04:34 Scout Tower
04:35 Scout Tower
04:37 Guard Tower
05:18 Guard Tower
05:19 Scout Tower
05:20 Scout Tower
05:23 Farm
05:52 Guard Tower
06:03 Scout Tower
06:04 Scout Tower
06:15 Blacksmith
06:20 Farm
06:34 Scout Tower
06:35 Scout Tower
06:38 Guard Tower
07:21 Guard Tower
07:23 Scout Tower
07:29 Scout Tower
07:32 Workshop
07:34 Blacksmith
07:36 Workshop
07:43 Arcane Sanctum
07:47 Arcane Sanctum
09:58 Guard Tower
11:41 Farm
11:43 Farm
11:45 Farm
12:29 Castle
13:11 Farm
20:19 Scout Tower
20:19 Scout Tower
20:22 Scout Tower
20:24 Scout Tower
20:26 Scout Tower
23:12 Guard Tower
» items
Healing Salve1
Scroll of Town Portal2
3 total
team 2
HumanBackdoor_kevin (purple | 36 APM | 575 actions | 16:04)
Hero icon 4 Archmage
Ability icon 2 Summon Water Elemental
Ability icon 2 Brilliance Aura
Hero icon 1 Paladin
Ability icon 1 Divine Shield

» actions
Assign group hotkey17
Basic commands17
Build / train39
Enter build submenu14
Enter hero's abilities submenu5
Right click276
Select / deselect167
Select group hotkey15
Use ability25
575 total
» units
Peasant7
Rifleman15
22 total
» upgrades
Gunpowder2
Armor2
Long Rifles1
5 total
» buildings
Farm8
Blacksmith1
Barracks2
Altar of Kings1
Keep1
Castle1
14 total
» build order
00:04 Farm
01:18 Blacksmith
01:23 Barracks
01:28 Barracks
01:45 Altar of Kings
02:01 Farm
02:46 Farm
03:12 Farm
03:30 Farm
05:23 Farm
06:54 Keep
12:44 Farm
12:51 Farm
13:48 Castle
» items
Scroll of Regeneration3
3 total
Random» Humanxiaotiao (yellow | 69 APM | 1163 actions | 16:45)
Hero icon 3 Mountain King
Ability icon 2 Storm Bolt
Ability icon 1 Thunder Clap

» actions
Assign group hotkey28
Basic commands137
Build / train72
ESC pressed2
Enter build submenu35
Enter hero's abilities submenu3
Remove unit from queue8
Right click324
Select / deselect251
Select group hotkey238
Use ability65
1163 total
» units
Peasant20
Footman20
40 total
» upgrades
Defend1
Masonry1
2 total
» buildings
Altar of Kings1
Farm7
Barracks2
Lumber Mill1
Scout Tower19
Guard Tower14
Arcane Vault2
Keep1
Town Hall1
48 total
» build order
00:25 Altar of Kings
00:42 Farm
01:16 Barracks
01:20 Farm
02:07 Lumber Mill
02:20 Farm
03:08 Farm
03:26 Barracks
03:45 Farm
04:14 Farm
05:10 Farm
05:44 Scout Tower
05:49 Scout Tower
05:53 Scout Tower
06:02 Guard Tower
06:11 Guard Tower
06:11 Guard Tower
06:13 Scout Tower
06:29 Scout Tower
06:30 Scout Tower
07:08 Guard Tower
07:08 Guard Tower
07:08 Guard Tower
07:51 Scout Tower
08:14 Guard Tower
09:40 Arcane Vault
10:20 Scout Tower
10:22 Scout Tower
11:09 Scout Tower
11:11 Scout Tower
11:40 Scout Tower
11:41 Scout Tower
11:44 Scout Tower
11:45 Scout Tower
11:52 Arcane Vault
12:37 Guard Tower
13:15 Keep
13:15 Guard Tower
13:17 Scout Tower
13:19 Scout Tower
13:21 Scout Tower
13:22 Scout Tower
13:53 Town Hall
14:35 Guard Tower
14:35 Guard Tower
14:38 Guard Tower
14:38 Guard Tower
14:39 Guard Tower
» items
Lesser Clarity Potion2
Scroll of Regeneration1
3 total
Random» Undeadiambest (blue | 21 APM | 340 actions | 16:22)
Hero icon 4 Dreadlord
Ability icon 2 Vampiric Aura
Ability icon 1 Sleep
Ability icon 1 Carrion Swarm

» actions
Assign group hotkey3
Build / train50
Enter build submenu11
Enter hero's abilities submenu4
Right click130
Select / deselect121
Use ability21
340 total
» units
Acolyte2
Ghoul25
Gargoyle3
Necromancer4
Obsidian Statue2
Abomination2
38 total
» upgrades
Unholy Armor2
Unholy Strength1
Skeletal Longevity1
Skeletal Mastery1
5 total
» buildings
Crypt2
Ziggurat4
Altar of Darkness1
Graveyard1
Tomb of Relics1
Halls of the Dead1
Slaughterhouse1
Temple of the Damned1
Black Citadel1
13 total
» build order
00:32 Crypt
00:40 Ziggurat
00:42 Ziggurat
01:20 Altar of Darkness
01:33 Crypt
01:47 Graveyard
02:25 Ziggurat
02:50 Tomb of Relics
06:43 Halls of the Dead
09:29 Slaughterhouse
09:47 Temple of the Damned
11:28 Black Citadel
14:39 Ziggurat
Humanmail-n-rebate. (red | 66 APM | 2309 actions | 35:04)
Hero icon 10 Blood Mage
Ability icon 3 Flame Strike
Ability icon 3 Siphon Mana
Ability icon 1 Summon Phoenix
Ability icon 3 Banish

» actions
Assign group hotkey51
Basic commands43
Build / train118
Enter build submenu29
Enter hero's abilities submenu10
Give item / drop item3
Right click1101
Select / deselect247
Select group hotkey587
Use ability120
2309 total
» units
Peasant24
Gryphon Rider7
Gargoyle10
Knight12
53 total
» upgrades
Masonry4
Lumber Harvesting4
Swords2
Animal War Training1
Armor2
Storm Hammers1
14 total
» buildings
Altar of Kings1
Farm16
Scout Tower32
Arcane Tower2
Lumber Mill2
Guard Tower18
Keep1
Blacksmith2
Barracks1
Castle2
Gryphon Aviary4
Town Hall2
Arcane Vault1
84 total
» build order
00:08 Altar of Kings
00:21 Farm
00:50 Scout Tower
01:18 Farm
01:21 Arcane Tower
01:25 Lumber Mill
01:41 Scout Tower
01:50 Scout Tower
01:56 Scout Tower
02:15 Arcane Tower
02:37 Guard Tower
03:16 Keep
03:41 Guard Tower
03:52 Scout Tower
03:52 Scout Tower
03:54 Scout Tower
03:55 Scout Tower
04:20 Blacksmith
04:25 Guard Tower
04:54 Guard Tower
05:06 Guard Tower
05:30 Barracks
06:01 Castle
06:38 Gryphon Aviary
07:47 Gryphon Aviary
07:51 Gryphon Aviary
07:56 Farm
07:56 Farm
07:57 Farm
07:58 Farm
11:28 Farm
11:28 Farm
11:28 Farm
11:29 Farm
12:46 Town Hall
12:50 Scout Tower
12:50 Scout Tower
12:51 Scout Tower
12:51 Scout Tower
13:07 Arcane Vault
13:59 Guard Tower
14:20 Gryphon Aviary
15:02 Guard Tower
16:25 Scout Tower
16:25 Scout Tower
16:26 Scout Tower
16:26 Scout Tower
16:27 Scout Tower
16:28 Scout Tower
16:28 Scout Tower
17:01 Guard Tower
17:10 Scout Tower
17:10 Scout Tower
17:11 Scout Tower
17:11 Scout Tower
17:41 Guard Tower
17:41 Guard Tower
18:11 Guard Tower
18:39 Guard Tower
18:42 Scout Tower
18:43 Scout Tower
18:43 Scout Tower
18:44 Scout Tower
18:44 Scout Tower
18:45 Scout Tower
18:46 Castle
20:37 Guard Tower
20:37 Guard Tower
21:54 Guard Tower
22:00 Blacksmith
22:03 Lumber Mill
24:02 Guard Tower
25:05 Town Hall
31:05 Farm
31:05 Farm
31:05 Farm
31:07 Farm
31:07 Farm
» items
Staff of Teleportation1
Boots of Speed1
Potion of Lesser Invulnerability1
Scroll of Regeneration6
Scroll of Town Portal4
Staff of Sanctuary1
Lesser Clarity Potion1
Potion of Mana1
16 total

Chat log

(00:08 / Allies) xiaotiao: LETS RUSH?
(00:09 / Allies) iambest: rush?
(00:12 / Allies) xiaotiao: YEA
(00:13 / Allies) Backdoor_kevin: rush
(00:14 / Allies) iambest: ya
(00:17 / Allies) xiaotiao: NOT MUCH CREEP
(00:18 / Allies) xiaotiao: SO
(00:19 / Allies) iambest: ghouls
(00:21 / Allies) xiaotiao: LETS RUSH
(00:30 / Allies) mail-n-rebate.: i want to cc
(00:36 / Allies) xiaotiao: LETS RUSH HUMAN
(00:37 / Allies) mail-n-rebate.: i am anti-rush
(00:41 / All) TeamKiller2.0: man the Steelers really got fucked
(00:48 / All) TeamKiller2.0: fuck you San Diego
(00:49 / All) iambest: go eagles
(00:57 / All) TeamKiller2.0: Nick Foles sits down to pee
(01:04 / All) mail-n-rebate.: bill o-brien to texans its official
(01:09 / All) iambest: hes highst qbr over peyton soo
(01:10 / All) TeamKiller2.0: NOOOOO
(01:11 / All) TeamKiller2.0: NOOOOOOO
(01:30 / All) mail-n-rebate.: jesus
(01:32 / All) TeamKiller2.0: wtf
(01:55 / Allies) xiaotiao: SCOUT AT THE SIDE
(02:27 / Allies) xiaotiao: SCOUT
(02:30 / Allies) mail-n-rebate.: hit htere if we rush
(02:43 / Allies) mail-n-rebate.: wood plz
(02:48 / All) TeamKiller2.0: LOL
(03:04 / All) mail-n-rebate.: who got credit for kill
(03:08 / All) TeamKiller2.0: me
(03:14 / All) TeamKiller2.0: my blizz go tm
(03:30 / Allies) xiaotiao: SCOUT MAN
(03:35 / All) mail-n-rebate.: i don tthink yellow even has the slighest clue wut that means
(03:56 / All) TeamKiller2.0: yellow has downs. and he killed me
(04:07 / Allies) Backdoor_kevin: hut
(04:10 / Allies) Backdoor_kevin: hit
(04:19 / Allies) xiaotiao: NOT NOW DUDE
(04:22 / Allies) xiaotiao: YOU SCOUT
(04:26 / Allies) xiaotiao: AND WE GO TOGETHER
(04:42 / All) TeamKiller2.0: bill O'brien staying at PSU
(04:50 / All) iambest: fuck penn rape
(04:52 / All) iambest: all about temple
(04:56 / All) TeamKiller2.0: ROFL
(05:00 / All) TeamKiller2.0: SORRY YOU GO TO A FAKE COLLEGE
(05:02 / All) mail-n-rebate.: who did pen state rape
(05:10 / All) iambest: kids
(05:17 / All) iambest: all about temple baby
(05:28 / All) TeamKiller2.0: does temple have a football team?
(05:35 / Allies) Backdoor_kevin: lets hit
(05:36 / All) TeamKiller2.0: i heard they beat penn state in 1946.
(05:44 / All) iambest: yea
(05:47 / All) iambest: dont matter
(05:49 / All) iambest: best school
(05:59 / All) iambest: best weed best parties
(06:00 / All) TeamKiller2.0: Bill Cosby!
(06:06 / All) TeamKiller2.0: rofl
(06:08 / All) TeamKiller2.0: best parties
(06:10 / All) TeamKiller2.0: you're kiding
(06:39 / Allies) xiaotiao: FIRE IN THERE
(06:48 / All) TeamKiller2.0: nice rush
(07:41 / Allies) xiaotiao: PROTECT THE TOWER
(08:10 / All) xiaotiao: UR FIRE IS SHIT
(08:35 / Allies) xiaotiao: KILL THE CAR
(08:37 / Allies) mail-n-rebate.: wood me
(08:49 / Allies) xiaotiao: WHAT THE FUCK YOUR FIRE IS LIKE SHIT
(08:59 / All) TeamKiller2.0: using glaives on units...
(09:33 / All) TeamKiller2.0: yellow
(09:36 / All) TeamKiller2.0: Beg me for mercy
(09:47 / Allies) mail-n-rebate.: wood me
(09:48 / Allies) mail-n-rebate.: yellow
(09:50 / All) TeamKiller2.0: tier 1 nerd
(10:05 / Allies) xiaotiao: GOGOG

(11:28 / Allies) xiaotiao: MK
(12:13 / Allies) xiaotiao: GRAPHANS
(12:19 / Allies) xiaotiao: GO GRAPHS
(12:35 / Allies) xiaotiao: MIAN
(12:44 / Allies) xiaotiao: MAIN
(12:55 / Allies) xiaotiao: GRAPHS
(12:58 / Allies) xiaotiao: GO
(12:59 / Allies) xiaotiao: GO
(13:06 / Allies) xiaotiao: TP OUT IF THEY GO
(13:36 / Allies) xiaotiao: GO HERE
(13:41 / Allies) xiaotiao: RED
(13:42 / Allies) xiaotiao: GO
(14:03 / Allies) xiaotiao: RED
(14:08 / Allies) xiaotiao: YOU ARE SO BAD
(14:33 / All) TeamKiller2.0: purp
(14:35 / All) TeamKiller2.0: beg for mercy
(15:02 / All) TeamKiller2.0: backdoor kevin is right
(15:03 / Allies) xiaotiao: RED
(15:07 / Allies) xiaotiao: YOU HAVE GRAPHS
(15:09 / Allies) xiaotiao: DONT COME WITH US
(15:13 / Allies) xiaotiao: GO ATTACK THE OTHER
(15:15 / Allies) xiaotiao: YOU RETARD
(15:49 / Allies) iambest: wtf red?
(15:54 / Allies) xiaotiao: RED YOU ARE SO BAD
(16:34 / All) xiaotiao: RED ITS ALL BECAUSE OF YOU
(16:40 / Allies) xiaotiao: YOU ARE REALLY BAD
(16:43 / Allies) xiaotiao: LEARN TO PLAY
(16:47 / All) TeamKiller2.0: no its you

(19:35 / All) TeamKiller2.0: wow pink tking

(21:49 / All) TeamKiller2.0: what a tker

(32:43 / All) TeamKiller2.0: he said "go play hello kitty noob"
(33:14 / All) mail-n-rebate.: gj moron
(33:22 / All) Felix_Legions: i wanted him to die
(33:28 / All) mail-n-rebate.: sure u did
(33:31 / All) Felix_Legions: green control then
(33:34 / All) TeamKiller2.0: gg teal
(34:19 / All) mail-n-rebate.: i do not care who wins
(34:49 / All) TeamKiller2.0: my team lose